 Dungeon Crawl Stone Soup version 0.28-a0-991-g956f0ee3d5 (webtiles) character file.

Game seed: 847255034052436638

432 wakim the Stinger (level 7, -7/41 HPs)
             Began as an Octopode Venom Mage on Dec 4, 2021.
             Mangled by Menkaure (23 damage)
             ... on level 4 of the Dungeon.
             The game lasted 00:09:48 (4790 turns).

wakim the Stinger (Octopode Venom Mage)             Turns: 4790, Time: 00:09:49

Health: -7/41      AC:  1    Str:  7    XL:     7   Next: 0%
Magic:  13/13      EV: 13    Int: 20    God:
Gold:   71         SH:  0    Dex: 12    Spells: 11/14 levels left

rFire   . . .      SeeInvis .   b - +4 whip (elec)
rCold   . . .      Faith    .   (no shield)
rNeg    . . .      Spirit   .   (helmet restricted)
rPois   .          Reflect  .   p - amulet of regeneration
rElec   .          Harm     .   (no ring)
rCorr   .          Rampage  .   (no ring)
Will    .....                   (no ring)
Stlth   ++++......              (no ring)
HPRegen 0.93/turn               (no ring)
MPRegen 0.13/turn               (no ring)
                                (no ring)
                                (no ring)

@: no status effects
A: almost no armour, amphibious, 8 rings, camouflage 1, gelatinous body 1,
(nimble swimmer 1), tentacles
a: no special abilities


You were on level 4 of the Dungeon.
You visited 1 branch of the dungeon, and saw 4 of its levels.

You collected 71 gold pieces.

Inventory:

Hand Weapons
 a - a +1 whip of venom
 b - a +4 whip of electrocution (weapon)
Jewellery
 d - a ring of fire
 p - an amulet of regeneration (around mantle)
Wands
 t - a wand of digging (5)
Scrolls
 e - a scroll of amnesia
 g - a scroll of magic mapping {unknown}
 i - a scroll of acquirement {unknown}
 m - a scroll of brand weapon {unknown}
 n - 2 scrolls of teleportation {unknown}
 U - a scroll of fear
Potions
 c - a potion of attraction {unknown}
 f - a potion of haste {unknown}
 k - a potion of flight {unknown}
 F - 4 potions of curing
 N - 2 potions of might


   Skills:
 + Level 2.8 Dodging
 + Level 4.9 Stealth
 * Level 3.2 Unarmed Combat
 - Level 4.0 Spellcasting
 - Level 1.0 Transmutations
 - Level 5.0 Poison Magic


You had 11 spell levels left.
You knew the following spells:

 Your Spells              Type           Power      Damage    Failure   Level
a - Sting                 Tmut/Pois      64%        1d6       3%          1
x - Poisonous Vapours     Pois/Air       28%        N/A       7%          2

Your spell library contained the following spells:

 Spells                   Type           Power      Damage    Failure   Level
 Olgreb's Toxic Radiance  Pois           24%        N/A       16%         4
 Mephitic Cloud           Conj/Pois/Air  10%        N/A       21%         3


Dungeon Overview and Level Annotations

Branches:
Dungeon (4/15)
 Temple: D:4-7

Altars:
Kikubaaqudgha

Annotations:
D:4 Menkaure


Innate Abilities, Weirdness & Mutations

You cannot wear most types of armour.
You are amphibious.
You can wear up to eight rings at the same time.
Your skin changes colour to match your surroundings (Stealth+).
Your rubbery body absorbs attacks. (AC +1, EV +1)
((You are camouflaged near water. (Stealth+)))
You have tentacles for arms and can constrict up to eight enemies at once.


Message History

You hear the rusting of a very distant drain.
You constrict the goblin.
You kill the goblin!
You hit the goblin. Your grab misses the goblin.
The goblin is heavily wounded.
The goblin closely misses you.
You hit the goblin but do no damage. You grab the goblin.
You squeeze the goblin.
You kill the goblin!
You have reached level 7!
Okay, then.
r - a scroll of identify
As you read the scroll of identify, it crumbles to dust.
o - a scroll of fear;
U - a scroll of fear
Things that are here:
a +0 club; a +0 dagger; a goblin corpse
F - 4 potions of curing (gained 1) Magic restored.
Menkaure shouts!
Menkaure points at you and mumbles some strange words.
Pain shoots through your body!
You hear the brisk rusting of a very distant drain.
You hit Menkaure. Your grab misses Menkaure.
Menkaure is lightly damaged.
Menkaure calls on the powers of darkness!
Your body is wracked with pain!
* * * LOW HITPOINT WARNING * * *
You hit Menkaure but do no damage. You grab Menkaure.
Menkaure is lightly damaged.
You constrict Menkaure, but do no damage.
You barely miss Menkaure.
Menkaure is lightly damaged.
You constrict Menkaure, but do no damage.
Menkaure hits you.
* * * LOW HITPOINT WARNING * * *
You hit Menkaure.
Menkaure is moderately damaged.
You constrict Menkaure. Menkaure hits you!!
Ouch! That really hurt!
You die...

#.#.#####.#
#.#.....).#
#.#######)# #.#
#.# #.# #.# #.#
#.# #.# #.#
###.##########.##
#.#
....(...@......>#
#.#
##.###M#######.#
#.# #..........#
#.# #.#
#..###.###.# #.#
#.# # #.# #.# #.#
#.# #.. #.# #.#
#.# #.# #... #.#
#.# #.######.##
#... #.# #.#
#..........
#.M..#.# #.#
###########


You could see Menkaure.

Vanquished Creatures
  A black bear (D:4)
  An ogre (D:3)
  A centaur (D:4)
  2 bullfrog skeletons
  Jessica (D:2)
  Robin (D:4)
  2 adders
  A gnoll (D:1)
  2 dart slugs (D:1)
  An orc (D:3)
  7 bats
  6 endoplasms
  A giant cockroach (D:3)
  12 goblins
  6 hobgoblins
  5 kobolds
  2 quokkas
  5 ball pythons
  3 frilled lizards
  5 rats
65 creatures vanquished.

Notes
Turn   | Place    | Note
-------+----------+-------------------------------------------
     0 | D:1      | wakim the Octopode Venom Mage began the quest for the Orb.
     0 | D:1      | Reached XP level 1. HP: 11/11 MP: 3/3
   178 | D:1      | Reached skill level 1 in Unarmed Combat
   178 | D:1      | Reached XP level 2. HP: 17/17 MP: 1/5
   952 | D:1      | Reached skill level 4 in Poison Magic
  1134 | D:1      | Learned a level 2 spell: Poisonous Vapours
  1144 | D:1      | Reached XP level 3. HP: 21/21 MP: 1/6
  2204 | D:2      | Reached XP level 4. HP: 27/27 MP: 2/7
  2910 | D:2      | Noticed Jessica
  2923 | D:2      | Killed Jessica
  2924 | D:2      | Reached skill level 5 in Poison Magic
  2924 | D:2      | Reached XP level 5. HP: 31/31 MP: 1/9
  3397 | D:3      | Found an ancient bone altar of Kikubaaqudgha.
  4015 | D:3      | Noticed an ogre
  4036 | D:3      | Killed an ogre
  4145 | D:3      | Reached XP level 6. HP: 28/36 MP: 11/11
  4620 | D:4      | Noticed a black bear
  4637 | D:4      | Killed a black bear
  4673 | D:4      | Noticed Menkaure
  4722 | D:4      | Noticed Robin
  4732 | D:4      | Killed Robin
  4739 | D:4      | Reached XP level 7. HP: 41/41 MP: 10/13
  4790 | D:4      | Mangled by Menkaure

Illustrated notes

Levels and vault maps discovered:
D:1:      dpeg_arrival_oval, layout_loops_ring, minmay_tromino_v4_b
D:2:      layout_loops_ring, kennysheep_generic_room_11, uniq_jessica
D:3:      layout_basic, mainiacjoe_overflow_boulevard, palyth_stone_intersect
D:4:      layout_basic, mainiacjoe_overflow_cross_hatched, gup_sewer_entry_bowl,
          uniq_menkaure, uniq_robin, uniq_ijyb

Skill      XL: |  1  2  3  4  5  6 |
---------------+-------------------+-----
Stealth        | 3 4 |  4.9
Unarmed Combat | 1 2 3 |  3.2
Poison Magic   | 4 5 |  5.0
Spellcasting   | 3 4 |  4.0
Dodging        | |  2.8
Transmutations | |  1.0

Action                   |  1- 3 |  4- 6 |  7- 9 || total
-------------------------+-------+-------+-------++-------
Melee: Unarmed           |    17 |       |       ||    17
       Tentacles         |     5 |     7 |       ||    12
       Constrict         |     7 |    10 |     1 ||    18
       Whip              |    17 |    52 |     4 ||    73
       Punch             |       |     1 |       ||     1
 Cast: Sting             |    18 |     2 |       ||    20
       Poisonous Vapours |    26 |    37 |       ||    63
  Use: Scroll            |       |     4 |     1 ||     5
 Stab: Sleeping          |     1 |     3 |       ||     4
       Distracted        |       |     1 |       ||     1
Armor: Skin              |     1 |     5 |       ||     6
Dodge: Dodged            |    31 |    31 |       ||    62

Table legend: (Time is in decaauts)
 A = Elapsed time spent in this place.
 B = Non-inter-level travel time spent in this place.
 C = Inter-level travel time spent in this place.
 D = Time resting spent in this place.
 E = Time spent auto-exploring this place.
 F = Levels seen in this place.
 G = Mean time per level.
                   A        B        C        D        E       F      G
               +--------+--------+--------+--------+--------+-----+--------+
         Total |   4795 |   4673 |    122 |    269 |   3652 |   4 | 1198.8 |
       Dungeon |   4795 |   4673 |    122 |    269 |   3652 |   4 | 1198.8 |
               +--------+--------+--------+--------+--------+-----+--------+

Top non-repeatable levels by time:
     D:2: 1758 daAuts
     D:1: 1586 daAuts
     D:3: 1245 daAuts
     D:4: 205 daAuts
